 Dungeon Crawl Stone Soup version 0.23.2 (webtiles) character file.

Game seed: 16931146415338397895

52 BorisKarlOrff the Insei (level 3, 0/26 HPs)
             Began as a Merfolk Transmuter on Apr 12, 2019.
             Succumbed to an adder's poison
             ... on level 2 of the Dungeon.
             The game lasted 00:03:52 (1443 turns).

BorisKarlOrff the Insei (Merfolk Transmuter)        Turns: 1443, Time: 00:03:53

Health: 0/26       AC:  1    Str: 10    XL:     3   Next: 85%
Magic:  6/6        EV: 13    Int: 13    God:
Gold:   63         SH:  0    Dex: 14    Spells: 0/6 levels left

rFire    . . .     SeeInvis .     - Unarmed
rCold    . . .     Gourm    .   (no shield)
rNeg     . . .     Faith    .   b - +0 robe
rPois    .         Spirit   .   (no helmet)
rElec    .         Reflect  .   (no cloak)
rCorr    .         Harm     .   (no gloves)
MR       .....                  (no boots)
Stlth    +.........             (no amulet)
HPRegen  0.08/turn              (no ring)
MPRegen  0.10/turn              (no ring)

@: lethally poisoned (0 -> -11), very slightly contaminated, hasted, very quick
A: change form in water, swift swim, stealthy swim, claws 1, deformed body,
mutation resistance 1
a: no special abilities


You were on level 2 of the Dungeon.
You were not hungry.

You visited 1 branch of the dungeon, and saw 2 of its levels.

You collected 63 gold pieces.

Inventory:

Missiles
 a - 71 arrows
Armour
 b - a +0 robe (worn)
Wands
 d - a wand of random effects (5)
Scrolls
 c - 2 scrolls of teleportation {unknown}
 e - a scroll of enchant armour {unknown}
 g - a scroll of remove curse {unknown}
Potions
 f - a potion of mutation
 j - a potion of brilliance {unknown}
 k - a potion of flight {unknown}
Comestibles
 h - a ration


   Skills:
 + Level 1.1 Fighting
 + Level 3.1 Dodging
 + Level 0.2 Stealth
 + Level 4.3 Unarmed Combat
 + Level 2.3 Spellcasting
 + Level 3.2 Transmutations


You couldn't memorise any spells.
You knew the following spells:

 Your Spells              Type           Power        Failure   Level  Hunger
a - Beastly Appendage     Tmut           #.....       7%          1    #......
b - Sticks to Snakes      Tmut           #.......     10%         2    ###....
c - Spider Form           Tmut/Pois      #.........   36%         3    ###....

Your spell library contained the following spells:

 Spells                   Type           Power        Failure   Level  Hunger
 Ice Form                 Ice/Tmut       #.......     77%         4    #####..
 Blade Hands              Tmut           #.........   88%         5    ######.


Dungeon Overview and Level Annotations

Branches:
Dungeon (2/15)

Altars:
Cheibriados
Kikubaaqudgha
Okawaru
Ru
Trog


Innate Abilities, Weirdness & Mutations

You revert to your normal form in water You are very nimble and swift while swimming.
You are very stealthy in the water. (Stealth+)
You have sharp fingernails.
Armour fits poorly on your strangely shaped body.
You are somewhat resistant to further mutation.


Message History

The adder bites you.
You closely miss the adder.
The adder is heavily wounded.
The adder bites you.
You are poisoned.
The adder poisons you!
You miss the adder.
The adder is heavily wounded.
You feel sick. The adder bites you.
* * * LOW HITPOINT WARNING * * *
You are more poisoned.
The adder poisons you! The adder misses you.
It was a potion of mutation.
You feel extremely strange.
Your fingernails lengthen.
Your body twists and deforms.
You feel genetically stable.
* * * LOW HITPOINT WARNING * * *
You feel sick. The adder bites you.
* * * LOW HITPOINT WARNING * * *
It was a potion of haste.
You feel yourself speed up.
You die...

##### ########## ######
....# #........# .<...#
###.###...####.###.....#
###)##..........@S.....#
..........#.##.###.....#
##.###...##.##.# .....#
##.# #.........# ##.###
...###.#.####### !#
.#.....#+## #
#.#####...##
##.###.....##
##.#.......##


You could see an adder.

Vanquished Creatures
  An adder (D:2)
  A dart slug (D:2)
  A leopard gecko (D:2)
  2 giant cockroaches
  3 goblins
  4 hobgoblins
  4 kobolds
  A quokka (D:2)
  6 bats
  2 frilled lizards
  3 rats
28 creatures vanquished.

Vanquished Creatures (collateral kills)
  An adder (D:2)
  A leopard gecko (D:2)
  A bat (D:2)
  A giant cockroach (D:2)
  A hobgoblin (D:1)
  5 frilled lizards (D:1)
  A rat (D:2)
11 creatures vanquished.

Grand Total: 39 creatures vanquished

Notes
Turn   | Place    | Note
-------+----------+-------------------------------------------
     0 | D:1      | BorisKarlOrff the Merfolk Transmuter began the quest for
                  | the Orb.
     0 | D:1      | Reached XP level 1. HP: 15/15 MP: 3/3
   129 | D:1      | Reached XP level 2. HP: 17/21 MP: 5/5
   133 | D:1      | Learned a level 2 spell: Sticks to Snakes
   424 | D:1      | Reached skill level 4 in Unarmed Combat
   603 | D:2      | Found an ancient bone altar of Kikubaaqudgha.
   630 | D:2      | Reached XP level 3. HP: 16/26 MP: 2/6
   635 | D:2      | Learned a level 3 spell: Spider Form
   637 | D:2      | Found a snail-covered altar of Cheibriados.
   637 | D:2      | Found an iron altar of Okawaru.
   637 | D:2      | Found a bloodstained altar of Trog.
   647 | D:2      | Found a sacrificial altar of Ru.
  1442 | D:2      | Gained mutation: You have sharp fingernails. [potion of
                  | mutation]
  1442 | D:2      | Gained mutation: Armour fits poorly on your strangely
                  | shaped body. [potion of mutation]
  1442 | D:2      | Gained mutation: You are somewhat resistant to further
                  | mutation. [potion of mutation]
  1442 | D:2      | HP: 1/26 [adder (4)]
  1443 | D:2      | Succumbed to an adder's poison

Skill      XL: |  1  2  3 |
---------------+----------+-----
Unarmed Combat | 4 |  4.3
Dodging        | 3 |  3.1
Transmutations | 3 |  3.2
Fighting       | |  1.1
Stealth        | |  0.2
Spellcasting   | |  2.3

Action                   || total
-------------------------++-------
Melee: Unarmed           ||    96
       Punch             ||     3
       Headbutt          ||     3
 Cast: Beastly Appendage ||     9
       Sticks to Snakes  ||     8
  Use: Potion            ||     2
 Stab: Sleeping          ||     1
  Eat: Ration            ||     1
Armor: Robe              ||    18
Dodge: Dodged            ||    76
